 Dungeon Crawl Stone Soup version 0.28.0-53-g5a82cb258f (webtiles) character file.

Game seed: 8341196743380325396

500 wingedge the Skirmisher (level 6, 0/63 HPs)
             Began as a Troll Monk on June 8, 2022.
             Was a Believer of Trog.
             Slain by an orc warrior
             ... wielding a +0 mace
              (3 damage)
             ... on level 4 of the Dungeon.
             The game lasted 00:10:41 (3681 turns).

wingedge the Skirmisher (Troll Monk)                Turns: 3681, Time: 00:10:41

Health: 0/63       AC:  6    Str: 22    XL:     6   Next: 94%
Magic:  5/5        EV: 11    Int:  6    God:    Trog [**....]
Gold:   329        SH:  0    Dex: 16    Spells: 5/5 levels left

rFire   . . .      SeeInvis .   o - +6 war axe of the Devouring Sybil {vorpal, Will+}
rCold   . . .      Faith    .   (no shield)
rNeg    . . .      Spirit   .   h - +2 robe of Subjectivity {Dex+4}
rPois   .          Reflect  .   (helmet restricted)
rElec   .          Harm     .   (no cloak)
rCorr   .          Rampage  .   (gloves unavailable)
Will    ++...                   (boots unavailable)
Stlth   ++........              k - amulet of magic regeneration
HPRegen 1.00/turn               c - ring of willpower
MPRegen 0.49/turn               (no ring)

@: no status effects
A: large, unfitting armour, claws 3, regeneration 1, shaggy fur 1, tough skin 1
a: Renounce Religion, Berserk, Trog's Hand


You were on level 4 of the Dungeon.
You worshipped Trog.
Trog was pleased with you.
You visited 1 branch of the dungeon, and saw 5 of its levels.

You collected 329 gold pieces.

Inventory:

Hand Weapons
 o - the +6 war axe of the Devouring Sybil (weapon) {vorpal, Will+}
   (You found it on level 3 of the Dungeon)

   It inflicts extra damage upon your enemies.
   Will:      It increases your willpower.
Missiles
 b - 151 stones
 l - 6 curare-tipped darts (quivered)
 p - a throwing net
Armour
 a - a +0 robe
 h - the +2 robe of Subjectivity (worn) {Dex+4}
   (You found it on level 2 of the Dungeon)

   Dex:       It affects your dexterity (+4).
Magical Staves
 d - a staff of poison
Jewellery
 c - a ring of willpower (left claw)
 k - an amulet of magic regeneration (around neck)
Wands
 q - a wand of polymorph (9)
Scrolls
 f - a scroll of teleportation {unknown}
 i - 2 scrolls of fog {unknown}
 m - a scroll of amnesia {unknown}
 n - a scroll of identify {unknown}
 r - a scroll of enchant armour {unknown}
 s - a scroll of magic mapping {unknown}
 u - a scroll of vulnerability {unknown}
 v - a scroll of noise {unknown}
Potions
 e - 3 potions of curing {unknown}
 g - a potion of attraction {unknown}
 j - 2 potions of might {unknown}
 t - a potion of heal wounds {unknown}


   Skills:
 * Level 4.4 Fighting
 * Level 3.4 Axes
 - Level 3.0 Dodging
 - Level 1.1 Stealth
 - Level 4.1 Unarmed Combat


You had 5 spell levels left.
You didn't know any spells.
Your spell library contained the following spells:

 Spells                   Type           Power      Damage    Failure   Level
 Slow                     Hex            0%         N/A       45%         1
 Summon Small Mammal      Summ           0%         N/A       45%         1
 Call Canine Familiar     Summ           0%         N/A       83%         3
 Confusing Touch          Hex            0%         N/A       83%         3
 Summon Guardian Golem    Hex/Summ       0%         N/A       83%         3
 Vampiric Draining        Necr           0%         2d6       83%         3


Dungeon Overview and Level Annotations

Branches:
Dungeon (5/15)             Temple (0/1) D:4

Altars:
Cheibriados
Trog


Innate Abilities, Weirdness & Mutations

You are too large for most types of armour.
You have claws for hands.
Your natural rate of healing is unusually fast.
You are covered in fur. (AC +1)
You have tough skin. (AC +1)


Message History

There is a stone staircase leading down here.
You climb downwards.
The orc wizard casts a spell at you. The magic dart hits you.
There is a stone staircase leading up, spattered with blood here.
You climb upwards.
There is a stone staircase leading down here.
You climb downwards.
The orc wizard suddenly complains, in orcish tradition.
The orc warrior hits you with a +0 mace!
The orc priest hits you but does no damage.
The orc warrior hits you with a +0 mace!
There is a stone staircase leading up, spattered with blood here.
The orc priest hits you but does no damage.
The orc warrior closely misses you.
You climb upwards.
There is a stone staircase leading down here.
You slash the orc warrior!
The orc warrior is moderately wounded.
The orc warrior misses you.
You hit the orc warrior but do no damage.
The orc warrior is moderately wounded.
The orc warrior hits you with a +0 mace!
You slash the orc warrior!
The orc warrior is almost dead.
The orc warrior misses you. x2
You completely miss the orc warrior.
The orc warrior is almost dead.
The orc warrior hits you with a +0 mace!
* * * LOW HITPOINT WARNING * * *
You closely miss the orc warrior.
The orc warrior is almost dead.
The orc warrior hits you with a +0 mace!
* * * LOW HITPOINT WARNING * * *
You barely miss the orc warrior.
The orc warrior is almost dead.
The orc warrior hits you with a +0 mace.
* * * LOW HITPOINT WARNING * * *
The orc warrior hits you with a +0 mace.
You die...

.# #.#.# #.#.##.....#
.###.#.########.#.##.....# ######
...#.#........#)#.##.....# #.....
##.#.###........#'######.# #.....
#.#.# #.......).......#.# #.....
#.#.# #...............#.###.....
#.#.# ######'#........#...'.....
##.#.########.#........#####.....
.#.#...#......#.@[.........######
.#.###.#.######.o......###.# #
.#'###.#.# #.##########.######
.....#.#.# #..........#.......
.....'.#.###############.#.......
.....###..........# #.#.......
.....# #..#######.# #.#.......
###### #..# #.# #.#....... ##
#..# #.# #.#.####..


You could see an orc warrior.

Vanquished Creatures
  2 ogres (D:4)
  Blork the orc (D:4)
  A scorpion (D:4)
  A howler monkey (D:4)
  3 gnolls (D:4)
  3 adders
  An adder zombie (D:4)
  5 dart slugs
  12 orcs
  8 endoplasms
  4 giant cockroaches
  11 goblins
  8 hobgoblins
  7 jackals
  2 quokkas
  3 ball pythons
  9 bats
  5 frilled lizards
  4 kobolds
  7 rats
97 creatures vanquished.

Notes
Turn   | Place    | Note
-------+----------+-------------------------------------------
     0 | D:1      | wingedge the Troll Monk began the quest for the Orb.
     0 | D:1      | Reached XP level 1. HP: 22/22 MP: 0/0
   100 | D:1      | Reached XP level 2. HP: 29/29 MP: 1/1
   567 | D:1      | Reached XP level 3. HP: 37/37 MP: 2/2
   921 | D:2      | Identified the +2 robe of Subjectivity {Dex+4}
  1067 | D:2      | Reached XP level 4. HP: 45/45 MP: 3/3
  1538 | D:2      | Found a faded altar of an unknown god.
  1888 | D:3      | Identified the +6 war axe of the Devouring Sybil {vorpal,
                  | Will+}
  2541 | D:4      | Reached skill level 1 in Axes
  2544 | D:4      | Noticed a scorpion
  2549 | D:4      | Killed a scorpion
  2550 | D:4      | Reached XP level 5. HP: 53/53 MP: 4/4
  2722 | D:4      | Found a snail-covered altar of Cheibriados.
  2724 | D:4      | Found a bloodstained altar of Trog.
  2760 | D:4      | Became a worshipper of Trog the Wrathful
  2760 | D:4      | Reached * piety under Trog
  2760 | D:4      | Reached ** piety under Trog
  2888 | D:4      | Reached XP level 6. HP: 62/62 MP: 5/5
  2982 | D:4      | Found a staircase to the Ecumenical Temple.
  3659 | D:5      | Entered Level 5 of the Dungeon
  3659 | D:5      | Noticed Blork the orc
  3659 | D:5      | Noticed an orc warrior
  3664 | D:4      | Killed Blork the orc
  3681 | D:4      | HP: 3/63 [orc warrior/+0 mace (5)]
  3681 | D:4      | Slain by an orc warrior

Illustrated notes

Levels and vault maps discovered:
D:1:      dpeg_arrival_simpleton_a, layout_basic, hangedman_feature_mirror,
          eino_curves_02, chequers_avenue, wander_ebering_terrifying_dragon_lair
D:2:      layout_basic, shapermc_ecumenical_altar_acropolis,
          chequers_serial_rivers_micro_a, minmay_hexomino_c4
D:3:      layout_loops_ring, minmay_puff
D:4:      layout_basic, jmf_multi_god_temple, temple_fountains, moated_statue
D:5:      layout_cave_pools, uniq_blork_the_orc, uniq_menkaure

Skill      XL: |  1  2  3  4  5  6 |
---------------+-------------------+-----
Fighting       | 3 4 |  4.4
Unarmed Combat | 4 |  4.1
Axes           | 1 2 3 |  3.4
Dodging        | 3 |  3.0
Stealth        | |  1.1

Action                   |  1- 3 |  4- 6 || total
-------------------------+-------+-------++-------
Melee: Unarmed           |   128 |    16 ||   144
       Punch             |     1 |     4 ||     5
       War axe           |       |    77 ||    77
 Stab: Sleeping          |     1 |     4 ||     5
Armor: Robe              |    40 |    28 ||    68
Dodge: Dodged            |    66 |    35 ||   101
